[Event "WSTCC-50 2024"]
[Site "Krakow"]
[Date "2024.07.02"]
[Round "1.21"]
[White "Baginskaite, Kamile"]
[Black "Plotkin, Victor"]
[Result "1/2-1/2"]
[ECO "D31"]
[WhiteElo "2057"]
[BlackElo "2264"]
[Annotator "RC"]
[PlyCount "137"]
[EventDate "2024.07.01"]
[EventType "team-tourn"]
[EventCountry "POL"]
[SourceTitle "playchess.com"]
[Source "ChessBase"]
[SourceQuality "1"]
[TimeControl "40/5400+30:1800+30"]

1. d4 d5 2. c4 e6 3. Nc3 Be7 4. Nf3 Nf6 5. Bg5 Nbd7 6. e3 h6 7. Bh4 c6 8. cxd5 exd5 9. Bd3 Ne4 10. Bxe7 Qxe7 11. Bxe4 dxe4 12. Nd2 Nf6 13. Qc2 Bf5 14. O-O O-O 15. a3 Rfe8 16. b4 Rac8 17. Rac1 b6 18. Nc4 Qe6 19. Ne2 Nd5 20. Ng3 Bh7 21. Qe2 f5 22. f4 exf3 23. Qxf3 Rf8 24. Ne2 g5 25. Nc3 Nf6 26. Nd2 Rfe8 27. Rce1 c5 28. dxc5 bxc5 29. b5 Qe5 30. Ndb1 Ng4 31. Qd5+ Kg7 32. Qxe5+ Rxe5 33. g3 Rce8 34. Nd2 Rxe3 35. Rxe3 Rxe3 36. Rc1 Ne5 37. Kf2 Rd3 38. Ke2 Bg6 39. Nb3 Bh5+ 40. Kf2 c4 41. Nc5 Kf7 42. Rc2 Ng4+ 43. Kg1 Re3 44. Rc1 Re5 45. Nd7 Re7 46. Nb8 Ne5 47. Nc6 Nxc6 48. bxc6 Bf3 49. Nb5 Bxc6 50. Nd6+ Ke6 51. Nxc4 Be4 52. Nd2 Bd5 53. Kf2 Rb7 54. Ke3 Ke5 55. Rc5 f4+ 56. gxf4+ gxf4+ 57. Kd3 Ke6 58. Ra5 Rd7 59. Ra6+ Bc6+ 60. Ke2 Kd5 61. Ra5+ Kd4 62. Nf3+ Bxf3+ 63. Kxf3 Rf7 64. Ra6 h5 65. Ra5 h4 66. Rh5 Kc3 67. Rxh4 Kb3 68. Rxf4 Rh7 69. h4 1/2-1/2

[Event "WSTCC-50 2024"]
[Site "Krakow"]
[Date "2024.07.02"]
[Round "1.21"]
[White "Slabek, Grzegorz"]
[Black "Crocker, Philip J"]
[Result "1/2-1/2"]
[ECO "D04"]
[WhiteElo "1962"]
[BlackElo "2122"]
[Annotator "NA RC"]
[PlyCount "54"]
[EventDate "2024.07.01"]
[EventType "team-tourn"]
[EventCountry "POL"]
[SourceTitle "playchess.com"]
[Source "ChessBase"]
[SourceQuality "1"]
[TimeControl "40/5400+30:1800+30"]

1. Nf3 d5 2. d4 Nf6 3. e3 c6 4. Be2 Bf5 5. O-O h6 6. b3 e6 7. Bb2 Nbd7 8. Nbd2 Ne4 9. c4 Bd6 10. Ne5 O-O 11. f3 Nxd2 12. Qxd2 Nxe5 13. dxe5 Bc5 14. Bd4 Be7 15. cxd5 cxd5 16. Rac1 Qd7 17. Bc5 Rfc8 18. Bxe7 Qxe7 19. Rc3 Rc7 20. Rfc1 Rac8 21. Qd4 b6 22. b4 Rxc3 23. Rxc3 Rc7 24. a3 a5 25. Bb5 axb4 26. axb4 Rxc3 27. Qxc3 Qa7 1/2-1/2

[Event "WSTCC-50 2024"]
[Site "Krakow"]
[Date "2024.07.02"]
[Round "1.22"]
[White "Cummings, David H."]
[Black "Norinkeviciute, Rasa"]
[Result "1-0"]
[ECO "A55"]
[WhiteElo "2314"]
[BlackElo "1922"]
[Annotator "RC"]
[PlyCount "115"]
[EventDate "2024.07.01"]
[EventType "team-tourn"]
[EventCountry "POL"]
[SourceTitle "playchess.com"]
[Source "ChessBase"]
[SourceQuality "1"]
[TimeControl "40/5400+30:1800+30"]

1. c4 Nf6 2. Nc3 e5 3. Nf3 d6 4. d4 Nbd7 5. e4 c6 6. Be2 Be7 7. O-O h6 8. Re1 Qc7 9. Rb1 Nf8 10. b4 g5 11. d5 Ng6 12. dxc6 bxc6 13. b5 Bd7 14. bxc6 Qxc6 15. Nd2 Nf4 16. Bf1 O-O 17. Nd5 N6xd5 18. cxd5 Qc7 19. Nc4 Rab8 20. Be3 Rxb1 21. Qxb1 Rb8 22. Qc1 Rb4 23. Qc2 Bd8 24. Rc1 Qb8 25. Bd2 Ba4 26. Qc3 Rb1 27. g3 Rxc1 28. Qxc1 Ng6 29. Qa3 Bc2 30. Qxd6 Bc7 31. Qb4 Bxe4 32. d6 Qxb4 33. Bxb4 Bd8 34. Bc5 a5 35. Bh3 f5 36. d7 g4 37. Bf1 Kf7 38. Nd6+ Ke6 39. Bb5 Ne7 40. Nxe4 fxe4 41. h3 h5 42. hxg4 hxg4 43. Kf1 Kf5 44. Bc4 Nc6 45. Ke2 Nd4+ 46. Kd2 Ne6 47. Ba7 Nd4 48. Bd5 Bg5+ 49. Kd1 Bd8 50. a4 Bc7 51. Kd2 Ne6 52. Kc3 Nf8 53. Bc6 Ke6 54. Kc4 Ng6 55. Kb5 Kd6 56. Bc5+ Ke6 57. Bb6 Kd6 58. d8=Q+ 1-0

[Event "WSTCC-50 2024"]
[Site "Krakow"]
[Date "2024.07.02"]
[Round "1.22"]
[White "Burrows, Martin P"]
[Black "Kawula, Andrzej"]
[Result "1/2-1/2"]
[ECO "C17"]
[WhiteElo "2019"]
[BlackElo "1847"]
[Annotator "NA RC"]
[PlyCount "91"]
[EventDate "2024.07.01"]
[EventType "team-tourn"]
[EventCountry "POL"]
[SourceTitle "playchess.com"]
[Source "ChessBase"]
[SourceQuality "1"]
[TimeControl "40/5400+30:1800+30"]

1. e4 e6 2. d4 d5 3. Nc3 Bb4 4. e5 c5 5. a3 cxd4 6. axb4 dxc3 7. Nf3 Qc7 8. Qd4 cxb2 9. Bxb2 Nc6 10. Qc3 Qb6 11. b5 Nce7 12. Bd3 Bd7 13. O-O Rc8 14. Qb3 Ng6 15. Bd4 Qc7 16. g3 N8e7 17. Rxa7 O-O 18. Rfa1 f6 19. Qb2 Nf5 20. Bxf5 exf5 21. exf6 f4 22. fxg7 Rf7 23. Ne1 fxg3 24. hxg3 Bh3 25. Ra8 Re7 26. Qc3 Qxc3 27. Bxc3 Rec7 28. Bd4 Ne7 29. c3 Nf5 30. Be5 Rc4 31. Rxc8+ Rxc8 32. Nd3 Nxg7 33. Nf4 Bg4 34. Nxd5 Kf7 35. f4 Bf3 36. Ne3 Rc5 37. Kf2 Be4 38. Rd1 Ne8 39. c4 Nf6 40. Rd6 Ne8 41. Rd4 Bb1 42. Rd7+ Ke6 43. Rxb7 Bd3 44. Bd4 Rh5 45. g4 Rh3 46. f5+ 1/2-1/2

[Event "WSTCC-50 2024"]
[Site "Krakow"]
[Date "2024.07.02"]
[Round "1.23"]
[White "Baliuniene, Margarita"]
[Black "Barron, Michael"]
[Result "0-1"]
[ECO "A88"]
[WhiteElo "1960"]
[BlackElo "2046"]
[Annotator "NA RC"]
[PlyCount "112"]
[EventDate "2024.07.01"]
[EventType "team-tourn"]
[EventCountry "POL"]
[SourceTitle "playchess.com"]
[Source "ChessBase"]
[SourceQuality "1"]
[TimeControl "40/5400+30:1800+30"]

1. d4 f5 2. g3 Nf6 3. Bg2 g6 4. c4 Bg7 5. Nc3 O-O 6. Nf3 d6 7. O-O c6 8. b3 Qc7 9. Bb2 e5 10. d5 h6 11. e4 fxe4 12. Nd2 Bg4 13. Qe1 cxd5 14. cxd5 Na6 15. Ndxe4 Nc5 16. Nxc5 Qxc5 17. Rc1 Qa5 18. h3 Bf5 19. Qe2 a6 20. a3 g5 21. b4 Qd8 22. b5 Qb6 23. a4 Rac8 24. Ba3 Rf7 25. bxa6 bxa6 26. g4 Bg6 27. Ne4 Rxc1 28. Nxf6+ Rxf6 29. Rxc1 Qb3 30. Qb2 Qxa4 31. Qb4 Qxb4 32. Bxb4 Bd3 33. Rc6 Bf8 34. Bf1 e4 35. Rc3 Rf4 36. Ba3 Bxf1 37. Kxf1 Rf3 38. Rxf3 exf3 39. Ke1 Bg7 40. Bxd6 Bd4 41. Bg3 Kf7 42. Kd2 Kf6 43. d6 Ke6 44. Kd3 Bc5 45. d7 Kxd7 46. Ke4 Bd6 47. Kxf3 Bxg3 48. Kxg3 a5 49. f4 a4 50. fxg5 hxg5 51. h4 a3 52. hxg5 a2 53. g6 a1=Q 54. Kh4 Ke6 55. Kg5 Qg7 56. Kh5 Kf6 0-1

[Event "WSTCC-50 2024"]
[Site "Krakow"]
[Date "2024.07.02"]
[Round "1.23"]
[White "Czernicki, Bogdan"]
[Black "Fraser-Mitchell, Jeremy N"]
[Result "1/2-1/2"]
[ECO "A80"]
[WhiteElo "1886"]
[BlackElo "2036"]
[Annotator "NA RC"]
[PlyCount "63"]
[EventDate "2024.07.01"]
[EventType "team-tourn"]
[EventCountry "POL"]
[SourceTitle "playchess.com"]
[Source "ChessBase"]
[SourceQuality "1"]
[TimeControl "40/5400+30:1800+30"]

1. d4 f5 2. Nc3 Nf6 3. Bg5 d5 4. e3 e6 5. Nf3 Be7 6. Be2 O-O 7. O-O c6 8. Ne5 Nbd7 9. Bxf6 Nxf6 10. f4 Bd7 11. a3 c5 12. g4 cxd4 13. exd4 Ne4 14. gxf5 Nxc3 15. bxc3 exf5 16. Bf3 Be6 17. Re1 Bh4 18. Re2 Qf6 19. Rg2 Rac8 20. Qd2 Rc7 21. Rb1 Rd8 22. Rb3 Qf8 23. Qe3 Qd6 24. Re2 Bf6 25. Bg2 Bxe5 26. Qxe5 Qxe5 27. Rxe5 Kf7 28. Kf2 b6 29. Ke3 Kf6 30. Kd2 h6 31. h4 g6 32. Re3 1/2-1/2

[Event "WSTCC-50 2024"]
[Site "Krakow"]
[Date "2024.07.02"]
[Round "1.24"]
[White "Findlay, Ian T."]
[Black "Buriene, Regina"]
[Result "1-0"]
[ECO "C68"]
[WhiteElo "2118"]
[BlackElo "1904"]
[Annotator "NA RC"]
[PlyCount "99"]
[EventDate "2024.07.01"]
[EventType "team-tourn"]
[EventCountry "POL"]
[SourceTitle "playchess.com"]
[Source "ChessBase"]
[SourceQuality "1"]
[TimeControl "40/5400+30:1800+30"]

1. e4 e5 2. Nf3 Nc6 3. Bb5 a6 4. Bxc6 dxc6 5. O-O Bg4 6. h3 Bxf3 7. Qxf3 Bc5 8. d3 Qd7 9. Nd2 O-O-O 10. Nc4 f6 11. Be3 Bxe3 12. Qxe3 Kb8 13. f4 exf4 14. Rxf4 Ne7 15. Raf1 Rhe8 16. Qf2 Ng6 17. Rf5 Qd4 18. Rh5 h6 19. Qxd4 Rxd4 20. Rf3 Rd7 21. Rg3 Nf4 22. Rf5 Ne2+ 23. Kf2 Nxg3 24. Kxg3 b6 25. Kg4 Rde7 26. Kh5 Kc8 27. Kg6 b5 28. Na5 Re5 29. Nxc6 Rxf5 30. exf5 Re2 31. Kxg7 Rxg2+ 32. Kxf6 Rxc2 33. Nd4 Rxb2 34. Ke7 c5 35. Ne6 c4 36. dxc4 bxc4 37. f6 c3 38. Nd4 Rxa2 39. f7 Rf2 40. f8=Q+ Rxf8 41. Kxf8 a5 42. Kg7 Kd7 43. Kxh6 Ke7 44. Kg7 Kd6 45. h4 Kc5 46. Ne2 c2 47. h5 Kc4 48. h6 Kd3 49. Nc1+ Kd2 50. Na2 1-0

[Event "WSTCC-50 2024"]
[Site "Krakow"]
[Date "2024.07.02"]
[Round "1.24"]
[White "Noyce, Robert C"]
[Black "Cholewa, Dorota"]
[Result "1-0"]
[ECO "A36"]
[WhiteElo "2088"]
[BlackElo "1530"]
[Annotator "NA RC"]
[PlyCount "93"]
[EventDate "2024.07.01"]
[EventType "team-tourn"]
[EventCountry "POL"]
[SourceTitle "playchess.com"]
[Source "ChessBase"]
[SourceQuality "1"]
[TimeControl "40/5400+30:1800+30"]

1. c4 c5 2. Nc3 Nc6 3. g3 Nf6 4. Bg2 g6 5. e4 e5 6. Nge2 Bg7 7. O-O O-O 8. d3 d6 9. f4 Bg4 10. h3 Bxe2 11. Nxe2 Rb8 12. f5 Qc7 13. g4 b5 14. g5 Nh5 15. f6 Bh8 16. Bf3 Nf4 17. Bxf4 exf4 18. b3 h6 19. h4 Ne5 20. Nxf4 Nxf3+ 21. Qxf3 h5 22. Rae1 Rfe8 23. Re2 Qd7 24. Rfe1 Re5 25. Kg2 a5 26. cxb5 Rxb5 27. Nd5 Rb8 28. Ne3 Ra8 29. Nc4 Ree8 30. Nb6 Qg4+ 31. Qxg4 hxg4 32. Nxa8 Rxa8 33. e5 dxe5 34. Rxe5 Kh7 35. Rxc5 a4 36. bxa4 Rxa4 37. Re2 Ra3 38. Rd2 Ra4 39. Rc4 Ra5 40. Rxg4 Rf5 41. d4 Bxf6 42. gxf6 Rxf6 43. d5 Rd6 44. Rc4 Rf6 45. Rc6 Rf4 46. d6 Rxh4 47. d7 1-0

[Event "WSTCC-50 2024"]
[Site "Krakow"]
[Date "2024.07.03"]
[Round "2.1"]
[White "Plotkin, Victor"]
[Black "Ehlvest, Jaan"]
[Result "0-1"]
[ECO "C55"]
[WhiteElo "2264"]
[BlackElo "2528"]
[Annotator "TA"]
[PlyCount "64"]
[EventDate "2024.07.01"]
[EventType "team-tourn"]
[EventCountry "POL"]
[SourceTitle "playchess.com"]
[Source "ChessBase"]
[SourceQuality "1"]
[TimeControl "40/5400+30:1800+30"]

1. e4 e5 2. Nf3 Nc6 3. Bc4 Nf6 4. d3 d5 5. exd5 Nxd5 6. O-O Bg4 7. h3 Bh5 8. Re1 Qd6 9. Nbd2 O-O-O {[%emt 0:00:28] White has an edge.} 10. Ne4 Qd7 11. Ng3 Bxf3 12. Qxf3 Nd4 13. Qd1 Nb6 14. Bb3 f6 15. Be3 Kb8 16. Bxd4 Qxd4 17. Rb1 g6 18. Qe2 Bh6 19. Qg4 Qd6 20. Ne4 Qf8 {[%emt 0:12:55] [#] Threatens to win with ...f5.} 21. Qf3 f5 22. Nc3 Qd6 23. a4 a6 24. Re2 Bg7 25. Nd1 ({White should play} 25. Ree1 $15) 25... Nd7 $17 26. Nc3 Rhf8 27. Qd5 Nc5 28. Qxd6 Rxd6 29. Bc4 {[%emt 0:04:28] [#]} e4 $1 30. dxe4 (30. b4 Nxd3) 30... Bxc3 31. bxc3 Nxe4 32. Re3 (32. Ra1 $17 {is a better chance.}) 32... Nd2 $1 {[%emt 0:00:39][%csl LRb1,LRc4] Weighted Error Value: White=0.37/Black=0.01 (flawless) .  Loses game:     	White=1     	---        Mistake:       	White=1     	---        Inaccurate:     	White=1     	---        OK:         	White=9     	Black=15     Best:        	---       	Black=3} 0-1

[Event "WSTCC-50 2024"]
[Site "Krakow"]
[Date "2024.07.03"]
[Round "2.1"]
[White "Westphal, Wolfgang"]
[Black "Sokolin, Leonid"]
[Result "0-1"]
[ECO "A00"]
[WhiteElo "2172"]
[BlackElo "2454"]
[Annotator "TA"]
[PlyCount "90"]
[EventDate "2024.07.01"]
[EventType "team-tourn"]
[EventCountry "POL"]
[SourceTitle "playchess.com"]
[Source "ChessBase"]
[SourceQuality "1"]
[TimeControl "40/5400+30:1800+30"]

1. Nc3 c5 2. Nf3 Nc6 3. d4 cxd4 4. Nxd4 Nf6 5. Nxc6 bxc6 (5... dxc6 {simplifies} 6. Qxd8+ Kxd8 7. e4 e5) 6. e4 d5 7. exd5 cxd5 8. Bb5+ {[%emt 0:05:54] The position is equal.} Bd7 9. O-O e6 10. Bf4 Be7 11. Re1 O-O 12. Bd3 Bc6 13. Qf3 Qb6 14. Qh3 (14. a4 {simplifies} d4 15. a5 Bxf3 16. axb6 dxc3 17. gxf3 axb6 18. bxc3 Nd5 19. Bd2) 14... Rfe8 (14... Qxb2 $2 15. Be5 Qb7 16. Bxf6 $18) 15. Be5 g6 (15... Qxb2 $2 {perishes.} 16. Nxd5 Bxd5 17. Bxb2 $18) 16. Rab1 (16. Rad1 $15 {is more appropriate.}) 16... Rad8 (16... Nd7 {is interesting.} 17. Bxg6 fxg6 18. Qxe6+ Kf8) 17. Ne2 Nd7 18. Bd4 Bc5 19. Bxc5 Nxc5 20. Nd4 Bd7 21. Qh4 e5 {[%emt 0:01:41][%cal Oc5d3] White must now prevent ...Nxd3!} 22. Nf3 (22. Nb3 $142) 22... e4 $17 23. Ng5 h5 {[%emt 0:00:03] Active counter play!} ({Worse is} 23... exd3 24. Qxh7+ Kf8 25. Qxf7#) 24. Bf1 {[%emt 0:00:42] [#]} Qf6 ({Black should try} 24... Bf5 $1 25. Qg3 Nd7) 25. Qg3 Bf5 $36 {[%emt 0:05:36][%mdl 2048] White is under strong pressure.} 26. h4 d4 27. Bc4 (27. b4 $15 Nb7 28. Bc4) 27... Re7 28. Rbd1 Kg7 29. Qa3 Qb6 30. c3 $2 {[%emt 0:05:43] White does not recover from this.} (30. b4 $17 Nb7 31. Bb3) 30... d3 $19 31. b4 {[%emt 0:00:25] [#]} Nb7 {[%emt 0:01:45] aiming for ...e3.} 32. Re3 f6 33. Nf3 Qc7 34. Nd2 Nd6 35. Qb3 (35. Qa5 {was called for.}) 35... Bg4 36. Rde1 Be2 {[%emt 0:00:40] Threatens to win with ...Nf5.} 37. Bd5 f5 38. Rg3 $2 (38. c4) 38... f4 39. Rg5 e3 40. fxe3 fxe3 41. Nf3 Bxf3 42. Bxf3 d2 43. Re2 Ne4 {[%emt 0:01:53] Black mates.} 44. Rd5 Rxd5 45. Qxd5 Nxc3 {[%emt 0:00:27] Weighted Error Value: White=0.86/Black=0.12 (very precise) .  Loses game:     	White=1     	---        Mistake:       	White=5     	Black=1      Inaccurate:     	White=3     	Black=3      OK:         	White=12    	Black=14     Best:        	White=2     	Black=4} 0-1

[Event "WSTCC-50 2024"]
[Site "Krakow"]
[Date "2024.07.03"]
[Round "2.1"]
[White "Mitchell, Martin"]
[Black "Jhunjhnuwala, Suresh"]
[Result "0-1"]
[ECO "A57"]
[WhiteElo "2159"]
[BlackElo "1888"]
[Annotator "RC"]
[PlyCount "50"]
[EventDate "2024.07.01"]
[EventType "team-tourn"]
[EventCountry "POL"]
[SourceTitle "playchess.com"]
[Source "ChessBase"]
[SourceQuality "1"]
[TimeControl "40/5400+30:1800+30"]

1. d4 Nf6 2. c4 c5 3. d5 b5 4. Qc2 b4 5. e4 d6 6. f4 g6 7. Nf3 Bg7 8. e5 Nfd7 9. e6 fxe6 10. dxe6 Nf6 11. Ng5 O-O 12. Bd3 Nc6 13. Nxh7 Nxh7 14. Bxg6 Nf6 15. f5 Nd4 16. Qf2 Nxe6 17. fxe6 Bxe6 18. Qh4 Bf7 19. Bc2 Qd7 20. O-O Qg4 21. Qf2 Ne4 22. Bxe4 Qxe4 23. Nd2 Qd3 24. Nf3 Bxc4 25. Bg5 Bd4 0-1

[Event "WSTCC-50 2024"]
[Site "Krakow"]
[Date "2024.07.03"]
[Round "2.2"]
[White "Khachiyan, Melikset"]
[Black "Cummings, David H."]
[Result "1/2-1/2"]
[ECO "B12"]
[WhiteElo "2435"]
[BlackElo "2314"]
[Annotator "TA"]
[PlyCount "82"]
[EventDate "2024.07.01"]
[EventType "team-tourn"]
[EventCountry "POL"]
[SourceTitle "playchess.com"]
[Source "ChessBase"]
[SourceQuality "1"]
[TimeControl "40/5400+30:1800+30"]

1. e4 c6 2. d4 d5 3. e5 Bf5 4. Nd2 e6 5. Nb3 Nd7 6. Nf3 h6 7. Be2 Ne7 8. O-O Bh7 {[%emt 0:04:23] White is slightly better.} 9. Ne1 c5 10. Nxc5 Nxc5 11. dxc5 Nc6 12. Nd3 Bxd3 13. Qxd3 Bxc5 14. Qg3 g6 15. c3 a5 16. Bb5 Qc7 17. Re1 Kf8 18. Be3 Ne7 19. Bd3 Bxe3 20. Rxe3 Nf5 21. Bxf5 gxf5 22. Rd1 Qc4 23. b3 Qg4 24. Rd4 Qxg3 25. hxg3 $11 {[%emt 0:00:15][%mdl 4096] Endgame. KRR-KRR} Rc8 26. Kf1 f6 27. exf6 Kf7 28. g4 Kxf6 29. gxf5 Kxf5 30. g3 {[%emt 0:02:50] And now Rf4+ would win.} Rc6 31. Rf4+ Kg5 32. c4 dxc4 33. bxc4 ({Better is} 33. Re5+ $16 Kg6 34. Rxc4 (34. bxc4 b6 $14) 34... Rxc4 35. bxc4) 33... b6 34. Kg2 Rd8 {[%emt 0:01:25] The position is equal.} 35. Ref3 Rc5 36. Rf6 Rd6 37. R3f4 Rdc6 38. Kh3 {[%emt 0:02:27] [#] Hoping for Rf7.} h5 $1 39. Rf8 {[%emt 0:02:31] White threatens R4f6 and mate.} Rc8 40. R8f6 R8c6 41. Rf8 {[%emt 0:30:32] White wants to mate with R4f6.} Rc8 {[%emt 0:31:05] Weighted Error Value: White=0.08 (flawless) /Black=0.07 (flawless) .  Mistake:       	White=1     	---        Inaccurate:     	---       	Black=1      OK:         	White=12    	Black=15     Best:        	---       	Black=1      Strong:       	---       	Black=1} 1/2-1/2

[Event "WSTCC-50 2024"]
[Site "Krakow"]
[Date "2024.07.03"]
[Round "2.2"]
[White "Paschall, William"]
[Black "Dettmann, Gerd"]
[Result "1-0"]
[ECO "A04"]
[WhiteElo "2312"]
[BlackElo "2121"]
[Annotator "TA"]
[PlyCount "217"]
[EventDate "2024.07.01"]
[EventType "team-tourn"]
[EventCountry "POL"]
[SourceTitle "playchess.com"]
[Source "ChessBase"]
[SourceQuality "1"]
[TimeControl "40/5400+30:1800+30"]

1. Nf3 c5 2. c4 Nc6 3. Nc3 g6 4. e3 Bg7 5. d4 Nf6 6. d5 Nb4 7. e4 O-O 8. a3 Na6 {[%emt 0:00:28] White is better.} 9. h3 d6 10. Bd3 Nc7 11. Bg5 a6 12. a4 e5 13. Nd2 Qd7 (13... a5 $14) 14. g4 Rb8 15. Nf1 h6 16. Be3 Kh7 17. Ng3 Qe7 18. f3 Bd7 19. Qe2 Qe8 (19... b5 $142) 20. a5 $16 b5 21. axb6 Rxb6 22. h4 Ng8 23. Rh2 Ne7 24. Qc2 Qb8 25. Kf1 Qb7 26. Kg1 Rb8 27. Bc1 Qc8 28. Kh1 Ne8 29. Nd1 Rb4 30. Bd2 R4b6 31. Ba5 Rb3 32. Bc3 R3b6 33. Qe2 Kg8 34. Ne3 Nf6 35. Bc2 Nh7 36. Qd1 Nf6 37. Ba4 Ne8 38. Bxd7 Qxd7 39. Ra3 Qc8 40. Qc2 Qb7 41. Qa4 Bf8 42. Qd1 Rb3 43. Ra2 Ng7 (43... Nc8 $16 44. h5 Nf6) 44. Qf1 $18 Qc8 (44... Nc8 $142 45. h5 Ra8) 45. Qg1 R3b6 46. Rf2 Ne8 47. Qh2 (47. f4 $18) 47... Ng7 $2 (47... Bg7 $16 {keeps fighting.} 48. Rf1 Bf6) 48. Rg2 (48. f4 $18) 48... Kh7 49. Qh3 Ng8 50. Ra1 Nf6 51. Rh2 h5 52. Rf1 a5 53. Ra1 (53. Bxa5 Rxb2 54. Bd2 Ra2 $15) 53... Ra6 54. gxh5 (54. Rxa5 $16 Rxa5 55. Bxa5) 54... Ngxh5 $11 55. Nxh5 (55. Rxa5 $2 Rxa5 56. Bxa5 Qa6 $19 (56... Qxh3 $2 57. Rxh3 Nxg3+ 58. Rxg3 $19)) 55... Nxh5 56. Qxc8 (56. Rxa5 $2 Rxa5 57. Bxa5 Qa6 $19 (57... Qxh3 $2 58. Rxh3 Rxb2 59. Kg1 $19)) 56... Rxc8 57. Rxa5 (57. Bxa5 $2 Rca8 58. Rd2 Rxa5 $19) 57... Rxa5 58. Bxa5 Ra8 59. Bc3 Ra1+ 60. Kg2 Bh6 61. Kf2 Rc1 {[%emt 0:02:52][%mdl 1024] Black has compensation.} 62. Ke2 $2 {[%emt 0:01:23][%mdl 8192] [#]} (62. Rg2 $11 {and White is okay.}) 62... Bf4 $2 (62... Ng3+ $1 $19 63. Kf2 Bxe3+ 64. Kxg3 Bf4+ 65. Kh3 Bxh2 66. Kxh2 f5) 63. Rg2 Rh1 ({Better is} 63... Kg7 $11) 64. b4 $1 $14 Bh6 65. Rf2 cxb4 (65... Rxh4 $2 66. bxc5 dxc5 67. Bxe5 $18) 66. Bxb4 Bf8 (66... Rb1 $1 $11 67. Bxd6 Nf4+ 68. Kd2 Rb2+ 69. Nc2 Nxd5+ 70. f4 Nf6 (70... Bxf4+ $2 71. Rxf4 Nxf4 72. Bxe5 $18) 71. Bxe5 Nxe4+ 72. Kc1 (72. Ke3 $2 Nxf2 73. Bxb2 Nd1+ 74. Kf3 Nxb2 $19) 72... Rb7 (72... Nxf2 73. Kxb2 Nd3+ 74. Kc3 $11)) 67. Bc3 {[%emt 0:01:02][%cal Oc4c5] c5! would now be deadly.} Rxh4 (67... Nf4+ $11 68. Kd2 f6) 68. Kd3 (68. c5 $1 $16 {[%cal Rc5c6] Threatens to win with c6.} Nf4+ 69. Kd2 dxc5 70. Bxe5) 68... Rh3 $2 {[%emt 0:00:30] [#]} (68... Nf4+ $11 69. Kc2 f6) 69. c5 $1 $18 dxc5 70. Bxe5 f6 71. Bb8 {[%emt 0:00:49] And now d6 would win.} Rh1 72. Nc4 (72. Rf1 $18 Rxf1 73. Nxf1) 72... Rc1 (72... Kg8 $142 73. Ra2 g5) 73. Bh2 g5 74. Ra2 {[%emt 0:00:33] Hoping for d6.} Rd1+ 75. Ke2 Rc1 76. Kd3 Rd1+ $1 77. Nd2 {[%emt 0:00:40] aiming for Ra8.} Kg6 (77... Rh1 $16 {was worth a try.}) 78. Kc4 (78. Ra8 $18 Rh1 79. d6 Rxh2 80. Rxf8 Nf4+ 81. Kc3) 78... Rc1+ (78... f5 $1 $14) 79. Kb5 $16 f5 (79... Rc3 $16 80. Ra8 Kf7 81. Ra7+ Kg6) 80. Ra6+ Kf7 81. Ra7+ (81. exf5 Rc2 82. Ne4 Rb2+ (82... Rxh2 83. d6 $14) 83. Kc6 Rxh2 $18) 81... Kg6 $2 (81... Kg8 $16) 82. Nc4 $2 (82. exf5+ $18 {is the precise move to win.} Kh6 83. d6) 82... Rb1+ $2 (82... fxe4 $16 83. fxe4 g4) 83. Kc6 $18 fxe4 84. fxe4 {[%emt 0:00:12] Strongly threatening Ne5+.} g4 85. Be5 $2 (85. Ra8 $18 g3 86. Bxg3 (86. Rxf8 $2 gxh2 87. Ne5+ Kg7 $19) 86... Nxg3 87. Nd2 (87. Rxf8 Nxe4 88. Rf4 Nf6 $11)) 85... g3 $1 $14 86. Ra2 {[%emt 0:00:28] White is much more active.} Re1 {[%emt 0:00:47] [#]} 87. Bxg3 $1 Nxg3 88. Rg2 Rxe4 89. Rxg3+ {[%emt 0:00:05][%mdl 4096] Endgame. KRB-KRN} Kf6 90. Rf3+ Kg7 $1 91. Nd6 Re1 92. Rg3+ (92. Kxc5 $2 Rc1+ 93. Kb5 Bxd6 $19) 92... Kf6 93. Rf3+ (93. Kxc5 Rc1+ 94. Kb5 Bxd6 $19) 93... Kg7 94. Nf5+ (94. Kxc5 Rc1+ 95. Kd4 Bxd6 $17) 94... Kf7 (94... Kg8 $14) 95. Ne3+ (95. Ne7+ $18 Ke8 (95... Kxe7 96. d6+ Ke8 97. d7+ Ke7 98. Rxf8 $18) 96. Ng6) 95... Ke8 96. Nc4 Be7 97. Rf5 Re2 98. Ne5 Bf8 $2 {[%emt 0:01:15][%mdl 8192] [#]} ({Black should play} 98... Ra2 $14) 99. Ng6 $1 $18 Be7 (99... Bg7 $18 100. Nf4 (100. Kxc5 Ra2 $11) 100... Ra2) 100. Rh5 $2 (100. Nxe7 {mates} Rxe7 101. Rh5 (101. Kxc5 Ra7 $11) 101... Kf8 102. d6 (102. Kxc5 Ke8 $18) 102... Re1 103. Rd5 (103. Kxc5 Ke8 $11) 103... Re8 104. d7 (104. Kxc5 Ra8 $18) 104... Ra8 105. Kb7 (105. d8=R+ Rxd8 106. Rxd8+ Ke7 107. Rd6 c4 108. Kd5 c3 109. Ke5 Kf7)) 100... c4 $2 (100... Bf6 $18) 101. Rh8+ Kf7 102. Nxe7 {[%emt 0:00:16] KRN-KR} c3 103. d6 (103. Rh7+ $142 Kf8 104. d6 c2 105. Rh1 Re4 106. Rc1 Rc4+ 107. Kb6 Ke8 108. Nc6) 103... c2 104. Rh1 {[%emt 0:00:32] White mates.} Rd2 105. Rc1 Ke6 106. Nc8 Rh2 107. Re1+ Kf7 108. d7 Rh3 109. Nd6+ {[%emt 0:00:27] Weighted Error Value: White=0.18 (very precise) /Black=0.18 (very precise) .  Loses game:     	White=1     	Black=5      Missed win:     	White=2     	Black=1      Mistake:       	White=8     	Black=15     Inaccurate:     	White=4     	Black=1      OK:         	White=21    	Black=17     Best:        	White=7     	Black=6      Strong:       	White=2     	Black=3      Brilliant:      	White=1     	---} ({Inferior is} 109. d8=R Rc3+ 110. Kb6 c1=Q 111. Rd7+ (111. Rxc1 Rxc1 112. Kb5 Rb1+ 113. Kc4 Rb2 $14) 111... Kf6 112. Rd6+ Kg5 113. Rxc1 Rxc1 $14) 1-0

[Event "WSTCC-50 2024"]
[Site "Krakow"]
[Date "2024.07.03"]
[Round "2.2"]
[White "Jhunjhnuwala, Naresh"]
[Black "Hulme, William"]
[Result "1/2-1/2"]
[ECO "C45"]
[WhiteElo "2009"]
[BlackElo "1941"]
[Annotator "NA RC"]
[PlyCount "44"]
[EventDate "2024.07.01"]
[EventType "team-tourn"]
[EventCountry "POL"]
[SourceTitle "playchess.com"]
[Source "ChessBase"]
[SourceQuality "1"]
[TimeControl "40/5400+30:1800+30"]

1. e4 e5 2. Nf3 Nc6 3. d4 exd4 4. Nxd4 Nf6 5. Nxc6 bxc6 6. e5 Qe7 7. Qe2 Nd5 8. h4 d6 9. c4 Ba6 10. exd6 cxd6 11. Qxe7+ Nxe7 12. b3 Nf5 13. Bd3 Bc8 14. g3 Be7 15. Bb2 O-O 16. O-O Re8 17. Nd2 Bf8 18. Rfe1 Bd7 19. Nf3 g6 20. Rxe8 Rxe8 21. Re1 Rxe1+ 22. Nxe1 Bg7 1/2-1/2